General information
- name: BNet
- type: Ladder team game (AT/RT)
- host: Battle.net
- saver: 555y111z222l
map: Mur'gulOasis
- players: 8
- length: 17:58
- speed: Fast
- version: 1.26 W3XP
- replay type: Public
» download(129 KB)
Players
team 1 (winner)

»
IAMARENEGADE (
blue | 42 APM | 747 actions | 17:56)
3 Blademaster
1 Wind Walk
2 Critical Strike
3 Dark Ranger
2 Black Arrow
1 Silence
3 Shadow Hunter
2 Healing Wave
1 Hex
» actions
| Basic commands | 1 | |
| Build / train | 62 | |
| Enter build submenu | 13 | |
| Enter hero's abilities submenu | 9 | |
| Give item / drop item | 1 | |
| Remove unit from queue | 2 | |
| Right click | 432 | |
| Select / deselect | 188 | |
| Use ability | 39 | |
747 total
» units
| Peon | 8 | |
| Troll Headhunter/Berserker | 14 | |
| Demolisher | 3 | |
| Shaman | 5 | |
30 total
» upgrades
| Ranged Weapons | 3 | |
| Armor | 3 | |
| Troll Regeneration | 1 | |
| Berserker Upgrade | 1 | |
| Burning Oil | 1 | |
| Shaman Training | 2 | |
11 total
» buildings
| Altar of Storms | 1 | |
| Orc Burrow | 8 | |
| Barracks | 1 | |
| War Mill | 1 | |
| Stronghold | 1 | |
| Voodoo Lounge | 1 | |
| Fortress | 1 | |
| Spirit Lodge | 1 | |
15 total
» build order
00:19 Altar of Storms
00:27 Orc Burrow
01:15 Barracks
01:54 War Mill
02:17 Orc Burrow
04:19 Orc Burrow
04:21 Stronghold
05:11 Orc Burrow
05:32 Voodoo Lounge
06:46 Orc Burrow
07:13 Fortress
09:48 Spirit Lodge
12:45 Orc Burrow
13:59 Orc Burrow
16:11 Orc Burrow
» items
| Healing Salve | 2 | |
| Orb of Lightning | 2 | |
| Scroll of Speed | 1 | |
5 total
SDG)NAGGERS (
purple | 285 APM | 5122 actions | 17:56)
6 Death Knight
3 Death Coil
2 Unholy Aura
1 Animate Dead
5 Lich
3 Frost Nova
2 Frost Armor
» actions
| Assign group hotkey | 40 | |
| Basic commands | 40 | |
| Build / train | 80 | |
| Enter build submenu | 14 | |
| Enter hero's abilities submenu | 11 | |
| Give item / drop item | 8 | |
| Right click | 745 | |
| Select / deselect | 238 | |
| Select group hotkey | 3835 | |
| Use ability | 111 | |
5122 total
» units
| Acolyte | 2 | |
| Ghoul | 10 | |
| Crypt Fiend | 12 | |
| Frost Wyrm | 7 | |
31 total
» upgrades
| Creature Attack | 1 | |
| Burrow | 1 | |
| Web | 1 | |
| Creature Carapace | 2 | |
| Freezing Breath | 1 | |
6 total
» buildings
| Graveyard | 1 | |
| Crypt | 1 | |
| Ziggurat | 8 | |
| Altar of Darkness | 1 | |
| Tomb of Relics | 1 | |
| Halls of the Dead | 3 | |
| Sacrificial Pit | 1 | |
| Black Citadel | 4 | |
| Boneyard | 2 | |
22 total
» build order
00:29 Graveyard
00:32 Crypt
00:43 Ziggurat
01:01 Altar of Darkness
01:16 Ziggurat
01:56 Tomb of Relics
03:52 Halls of the Dead
03:53 Halls of the Dead
04:24 Ziggurat
05:52 Ziggurat
06:32 Sacrificial Pit
06:35 Black Citadel
06:35 Black Citadel
06:35 Black Citadel
09:11 Boneyard
09:13 Boneyard
09:30 Ziggurat
09:31 Ziggurat
12:22 Ziggurat
14:11 Ziggurat
» items
| Rod of Necromancy | 6 | |
| Scroll of Protection | 2 | |
| Scroll of Town Portal | 2 | |
| Healing Salve | 1 | |
11 total

»
pakistaniasacin (
pink | 32 APM | 579 actions | 17:56)
6 Death Knight
2 Death Coil
1 Death Pact
2 Unholy Aura
1 Animate Dead
» actions
| Build / train | 38 | |
| Enter build submenu | 26 | |
| Enter hero's abilities submenu | 6 | |
| Right click | 291 | |
| Select / deselect | 182 | |
| Use ability | 36 | |
579 total
» units
| Acolyte | 3 | |
| Ghoul | 10 | |
| Crypt Fiend | 4 | |
| Frost Wyrm | 4 | |
21 total
» upgrades
| Web | 1 | |
| Creature Carapace | 1 | |
| Creature Attack | 1 | |
3 total
» buildings
| Altar of Darkness | 1 | |
| Crypt | 2 | |
| Ziggurat | 7 | |
| Tomb of Relics | 1 | |
| Nerubian Tower | 2 | |
| Halls of the Dead | 1 | |
| Graveyard | 1 | |
| Spirit Tower | 2 | |
| Black Citadel | 1 | |
| Sacrificial Pit | 1 | |
| Boneyard | 2 | |
21 total
» build order
01:17 Altar of Darkness
01:21 Crypt
01:24 Ziggurat
01:29 Crypt
01:34 Ziggurat
02:33 Ziggurat
03:03 Tomb of Relics
03:13 Ziggurat
04:22 Nerubian Tower
04:58 Halls of the Dead
05:05 Graveyard
06:48 Spirit Tower
07:08 Ziggurat
07:27 Ziggurat
07:55 Black Citadel
08:30 Nerubian Tower
08:31 Spirit Tower
11:18 Sacrificial Pit
12:30 Boneyard
12:38 Boneyard
13:57 Ziggurat
» items
555y111z222l (
yellow | 81 APM | 1450 actions | 17:58)
6 Blademaster
3 Wind Walk
2 Critical Strike
1 Bladestorm
» actions
| Assign group hotkey | 28 | |
| Basic commands | 18 | |
| Build / train | 75 | |
| Enter build submenu | 16 | |
| Enter hero's abilities submenu | 6 | |
| Give item / drop item | 1 | |
| Right click | 787 | |
| Select / deselect | 222 | |
| Select group hotkey | 237 | |
| Use ability | 60 | |
1450 total
» units
| Peon | 17 | |
| Grunt | 16 | |
| Raider | 3 | |
| Troll Headhunter/Berserker | 3 | |
| Kodo Beast | 1 | |
40 total
» upgrades
| Pillage | 1 | |
| Armor | 3 | |
| Berserker Strength | 1 | |
| Melee Weapons | 2 | |
| Ensnare | 1 | |
| Troll Regeneration | 1 | |
| Ranged Weapons | 1 | |
| Reinforced Defenses | 1 | |
| Backpack | 1 | |
| Berserker Upgrade | 1 | |
| War Drums Damage Increase | 1 | |
14 total
» buildings
| Altar of Storms | 1 | |
| Orc Burrow | 7 | |
| Barracks | 1 | |
| Voodoo Lounge | 1 | |
| Stronghold | 1 | |
| War Mill | 1 | |
| Beastiary | 1 | |
| Fortress | 1 | |
| Watch Tower | 1 | |
15 total
» build order
00:03 Altar of Storms
00:09 Orc Burrow
00:44 Barracks
01:36 Orc Burrow
02:44 Voodoo Lounge
03:55 Orc Burrow
05:42 Orc Burrow
06:28 Stronghold
06:48 War Mill
08:56 Beastiary
11:16 Fortress
11:51 Watch Tower
14:36 Orc Burrow
15:08 Orc Burrow
15:39 Orc Burrow
» items
| Healing Salve | 3 | |
| Scroll of Speed | 2 | |
| Lesser Clarity Potion | 3 | |
| Scroll of Town Portal | 2 | |
| Orb of Lightning | 1 | |
| Potion of Healing | 1 | |
12 total
team 2 (loser)

»
veLh1nhO (
green | 67 APM | 1198 actions | 17:45)
4 Death Knight
2 Death Coil
2 Unholy Aura
3 Mountain King
2 Storm Bolt
1 Bash
2 Lich
1 Frost Nova
1 Frost Armor
» actions
| Assign group hotkey | 23 | |
| Basic commands | 85 | |
| Build / train | 86 | |
| Enter build submenu | 25 | |
| Enter hero's abilities submenu | 10 | |
| Give item / drop item | 4 | |
| Remove unit from queue | 4 | |
| Right click | 220 | |
| Select / deselect | 263 | |
| Select group hotkey | 415 | |
| Use ability | 63 | |
1198 total
» units
| Acolyte | 2 | |
| Ghoul | 3 | |
| Peasant | 11 | |
| Crypt Fiend | 6 | |
| Footman | 12 | |
| Frost Wyrm | 6 | |
| Sorceress | 6 | |
| Knight | 3 | |
49 total
» upgrades
| Creature Attack | 3 | |
| Creature Carapace | 2 | |
| Web | 1 | |
| Lumber Harvesting | 1 | |
| Swords | 2 | |
| Plating | 1 | |
| Defend | 1 | |
11 total
» buildings
| Ziggurat | 6 | |
| Altar of Darkness | 1 | |
| Crypt | 1 | |
| Graveyard | 1 | |
| Tomb of Relics | 1 | |
| Altar of Kings | 1 | |
| Farm | 3 | |
| Barracks | 1 | |
| Nerubian Tower | 1 | |
| Halls of the Dead | 1 | |
| Black Citadel | 1 | |
| Sacrificial Pit | 1 | |
| Lumber Mill | 1 | |
| Boneyard | 2 | |
| Keep | 1 | |
| Blacksmith | 1 | |
| Arcane Sanctum | 2 | |
| Castle | 1 | |
27 total
» build order
00:07 Ziggurat
00:09 Altar of Darkness
00:35 Crypt
01:07 Graveyard
01:21 Ziggurat
01:44 Tomb of Relics
01:59 Altar of Kings
02:05 Farm
02:11 Barracks
02:20 Nerubian Tower
02:44 Farm
03:15 Halls of the Dead
04:23 Ziggurat
05:56 Black Citadel
06:02 Sacrificial Pit
06:57 Farm
07:18 Ziggurat
07:54 Lumber Mill
08:28 Boneyard
08:29 Boneyard
08:53 Keep
09:40 Blacksmith
09:58 Ziggurat
11:57 Arcane Sanctum
12:04 Arcane Sanctum
13:11 Castle
13:33 Ziggurat
» items
| Rod of Necromancy | 1 | |
| Scroll of Town Portal | 3 | |
| Dust of Appearance | 1 | |
5 total
Hiddennight (
red | 50 APM | 888 actions | 17:51)
3 Demon Hunter
2 Immolation
1 Evasion
1 Priestess of the Moon
1 Searing Arrows
» actions
| Assign group hotkey | 43 | |
| Basic commands | 60 | |
| Build / train | 61 | |
| ESC pressed | 1 | |
| Enter build submenu | 20 | |
| Enter hero's abilities submenu | 4 | |
| Remove unit from queue | 1 | |
| Right click | 446 | |
| Select / deselect | 183 | |
| Select group hotkey | 28 | |
| Use ability | 41 | |
888 total
» units
| Wisp | 21 | |
| Archer | 8 | |
| Peasant | 2 | |
| Huntress | 6 | |
| Dryad | 6 | |
43 total
» upgrades
| Strength of the Moon | 2 | |
| Moon Armor | 2 | |
| Ultravision | 1 | |
| Improved Bows | 1 | |
| Abolish Magic | 1 | |
7 total
» buildings
| Altar of Elders | 1 | |
| Moon Well | 7 | |
| Ancient of War | 3 | |
| Hunter's Hall | 1 | |
| Tree of Ages | 2 | |
| Ancient of Lore | 2 | |
| Ancient of Wonders | 1 | |
| Ancient Protector | 5 | |
22 total
» build order
00:11 Altar of Elders
00:18 Moon Well
00:47 Ancient of War
00:56 Ancient of War
01:42 Moon Well
02:06 Hunter's Hall
02:45 Moon Well
04:13 Tree of Ages
04:13 Tree of Ages
04:53 Moon Well
06:56 Ancient of Lore
07:01 Moon Well
10:23 Moon Well
10:26 Moon Well
11:59 Ancient of Lore
12:21 Ancient of War
12:26 Ancient of Wonders
13:08 Ancient Protector
13:21 Ancient Protector
13:30 Ancient Protector
13:38 Ancient Protector
13:44 Ancient Protector

»
pattier (
orange | 48 APM | 863 actions | 17:55)
2 Archmage
1 Summon Water Elemental
1 Brilliance Aura
2 Paladin
1 Divine Shield
1 Holy Light
» actions
| Assign group hotkey | 21 | |
| Build / train | 62 | |
| Enter build submenu | 26 | |
| Enter hero's abilities submenu | 5 | |
| Right click | 401 | |
| Select / deselect | 172 | |
| Select group hotkey | 113 | |
| Use ability | 63 | |
863 total
» units
| Peasant | 8 | |
| Rifleman | 10 | |
| Footman | 1 | |
| Priest | 8 | |
| Mortar Team | 3 | |
30 total
» upgrades
| Gunpowder | 2 | |
| Armor | 2 | |
| Masonry | 3 | |
| Lumber Harvesting | 1 | |
| Long Rifles | 1 | |
| Priest Training | 1 | |
10 total
» buildings
| Altar of Kings | 1 | |
| Lumber Mill | 2 | |
| Farm | 18 | |
| Arcane Vault | 1 | |
| Barracks | 2 | |
| Blacksmith | 1 | |
| Scout Tower | 10 | |
| Guard Tower | 9 | |
| Keep | 1 | |
| Arcane Sanctum | 2 | |
| Workshop | 1 | |
| Castle | 1 | |
49 total
» build order
00:24 Altar of Kings
00:36 Lumber Mill
01:06 Farm
01:09 Farm
01:11 Farm
01:12 Farm
01:16 Farm
01:17 Farm
01:19 Farm
01:20 Farm
01:21 Farm
01:23 Farm
01:24 Farm
01:26 Farm
01:56 Arcane Vault
02:07 Barracks
02:38 Blacksmith
02:50 Barracks
04:01 Scout Tower
04:32 Scout Tower
05:12 Guard Tower
05:14 Guard Tower
05:46 Lumber Mill
07:05 Scout Tower
07:12 Scout Tower
07:18 Scout Tower
07:26 Farm
07:28 Farm
07:29 Farm
07:30 Farm
07:31 Farm
07:58 Guard Tower
08:00 Guard Tower
08:17 Keep
08:56 Scout Tower
09:28 Guard Tower
10:13 Farm
11:26 Arcane Sanctum
11:53 Scout Tower
12:05 Scout Tower
12:27 Arcane Sanctum
12:36 Workshop
12:52 Guard Tower
12:54 Guard Tower
13:10 Scout Tower
13:21 Scout Tower
14:13 Guard Tower
14:15 Guard Tower
16:20 Castle
» items
| Lesser Clarity Potion | 2 | |
| Scroll of Regeneration | 2 | |
| Scroll of Town Portal | 1 | |
5 total
Chat log
(00:10 / Allies) SDG)NAGGERS: sup
(00:12 / Allies) SDG)NAGGERS: plan
(00:21 / Allies) IAMARENEGADE: cc
(00:30 / Allies) 555y111z222l: cc
(05:48 / Allies) IAMARENEGADE: kill mage
(06:04 / Allies) 555y111z222l: they're teching
(06:05 / Allies) 555y111z222l: ez
(06:44 / Allies) pakistaniasacin: b
(06:56 / Allies) pakistaniasacin: b
(08:04 / Allies) pakistaniasacin: gold
(08:05 / Allies) pakistaniasacin: plz
(09:15 / Allies) pakistaniasacin: b
(09:15 / Allies) pakistaniasacin: b
(10:18 / Allies) pakistaniasacin: purp
(10:19 / Allies) pakistaniasacin: pruior
(10:26 / Allies) pakistaniasacin: wtf
(11:01 / Allies) IAMARENEGADE: wtf pinmk'
(11:05 / Allies) IAMARENEGADE: attack or back
(12:05 / Allies) pakistaniasacin: crwep mid
(12:06 / Allies) pakistaniasacin: fast
(12:11 / Allies) 555y111z222l: k let's go
(13:38 / Allies) pakistaniasacin: say together
(14:28 / Allies) pakistaniasacin: tp
(14:30 / Allies) 555y111z222l: tp
(14:31 / Allies) SDG)NAGGERS: tpttptp
(15:54 / Allies) 555y111z222l: counter?
(17:44 / All) SDG)NAGGERS: gg
(17:46 / All) 555y111z222l: gg
(17:47 / Allies) 555y111z222l: gj
(17:50 / Allies) 555y111z222l: good team